 Dungeon Crawl Stone Soup version 0.24.0-2-g5b39cebb1c (console) character file.

Game seed: 3399914680213482841, levelgen mode: deterministic

5740 AlterAsc the Ruffian (level 10, -4/94 HPs)
             Began as a Troll Warper on Oct 31, 2019.
             Was a High Priest of Okawaru.
             Slain by Gastronok (23 damage)
             ... on level 9 of the Dungeon.
             The game lasted 00:26:49 (7355 turns).

AlterAsc the Ruffian (Troll Warper)                 Turns: 7355, Time: 00:26:50

Health: -4/94      AC:  7    Str: 24    XL:     10   Next: 49%
Magic:  0/14       EV: 10    Int:  9    God:    Okawaru [*****.]
Gold:   422        SH: 12    Dex:  9    Spells: 14/16 levels left

rFire    . . .     SeeInvis +     - Unarmed
rCold    . . .     Gourm    +   l - +2 shield {reflect}
rNeg     + + .     Faith    +   Q - +0 robe "Hehaof" {rN+} (curse)
rPois    .         Spirit   +   w - +1 hat
rElec    .         Reflect  +   G - scarf {Spirit}
rCorr    .         Harm     .   (gloves unavailable)
MR       .....                  (boots unavailable)
Stlth    +.........             I - amulet of faith
HPRegen  0.65/turn              g - ring of see invisible
MPRegen  0.14/turn              u - ring of positive energy

@: slowed, very slow
A: large, unfitting armour, claws 3, fast metabolism 3, gourmand, regeneration
1, shaggy fur 1, tough skin 3
a: Heroism, Finesse, Renounce Religion


You were on level 9 of the Dungeon.
You worshipped Okawaru.
Okawaru was extremely pleased with you.
You were very full.

You visited 1 branch of the dungeon, and saw 9 of its levels.
You also visited: Sewer.

You collected 422 gold pieces.

Inventory:

Hand Weapons
 R - the +6 mace of Perfectionism {flame, rN+ Int+2 Stlth+}
   (You found it on level 8 of the Dungeon)

   It has been specially enchanted to burn those struck by it, causing extra
   injury to most foes and up to half again as much damage against particularly
   susceptible opponents.
   It affects your intelligence (+2).
   It protects you from negative energy.
   It makes you more stealthy.
Missiles
 d - 35 stones
 L - 2 boomerangs
 M - 2 javelins
 P - 6 large rocks (quivered)
Armour
 a - a +0 robe
 l - a +2 shield of reflection (worn)
 q - a +0 pair of gloves
 w - a +1 hat (worn)
 F - a +0 pair of boots
 G - a scarf of spirit shield (worn)
 Q - the cursed +0 robe "Hehaof" (worn) {rN+}
   (You found it on level 8 of the Dungeon)

   It protects you from negative energy.
   It has a curse placed upon it.
 T - a +0 troll leather armour
Jewellery
 g - a ring of see invisible (left claw)
 s - a -2 ring of protection
 u - a ring of positive energy (right claw)
 D - a -5 ring of dexterity
 I - an amulet of faith (around neck)
 S - an uncursed ring of ice {unknown}
Wands
 y - a wand of acid (8)
 H - a wand of flame (33)
 K - a wand of polymorph (4)
 O - a wand of enslavement (9)
Scrolls
 b - 9 scrolls of teleportation
 c - 2 scrolls of blinking
 h - a scroll of magic mapping
 i - 2 scrolls of fear
 o - a scroll of enchant armour
 p - a scroll of fog
 t - 2 scrolls of enchant weapon
 B - a scroll of noise {unknown}
 C - 4 scrolls of immolation
 E - 5 scrolls of identify
Potions
 e - a potion of mutation {unknown}
 j - a potion of cancellation {unknown}
 k - 6 potions of curing {unknown}
 m - 5 potions of flight {unknown}
 n - a potion of lignification {unknown}
 r - 3 potions of haste {unknown}
 v - 4 potions of brilliance {unknown}
 x - 2 potions of berserk rage {unknown}
 z - a potion of heal wounds {unknown}
 A - a potion of degeneration {unknown}
 J - a potion of agility {unknown}
 N - a potion of might {unknown}
Comestibles
 f - 15 rations


   Skills:
 + Level 4.7 Fighting
 + Level 4.9 Throwing
 + Level 4.8 Dodging
 * Level 5.6 Shields
 * Level 7.3 Unarmed Combat
 - Level 3.5 Spellcasting
 - Level 4.3 Translocations
 - Level 3.0 Invocations


You had 14 spell levels left.
You knew the following spells:

 Your Spells              Type           Power        Failure   Level  Hunger
a - Blink                 Tloc           N/A          16%         2    ###....

Your spell library contained the following spells:

 Spells                   Type           Power        Failure   Level  Hunger
 Gell's Gravitas          Tloc           #.........   30%         3    ###....
 Lesser Beckoning         Tloc           #.........   30%         3    ###....
 Teleport Other           Tloc           #.......     30%         3    ###....
 Shroud of Golubria       Chrm/Tloc      #.....       36%         2    ###....
 Confusing Touch          Hex            #.....       52%         1    #......
 Sticks to Snakes         Tmut           #.......     65%         2    ###....
 Passage of Golubria      Tloc           N/A          69%         4    #####..
 Confuse                  Hex            #.......     87%         3    ###....
 Regeneration             Chrm/Necr      #.........   87%         3    ###....
 Petrify                  Tmut/Erth      #.......     99%         4    #####..
 Agony                    Necr           #.......     100%        5    ######.
 Metabolic Englaciation   Hex/Ice        #.........   100%        5    ######.
 Yara's Violent Unravell  Hex/Tmut       #.........   100%        5    ######.


Dungeon Overview and Level Annotations

Branches:
Dungeon (9/15)             Temple (0/1) D:7           Sewer (visited)
   Lair: D:8-11         Orc: D:9-12

Altars:
Ashenzari
Cheibriados
Dithmenos
Elyvilon
Gozag
Makhleb
Nemelex Xobeh
Okawaru
Ru
Uskayaw
Vehumet

Shops:
D:6 *   D:7 %

Annotations:
D:9 Gastronok


Innate Abilities, Weirdness & Mutations

You are too large for most types of armour.
You have claws for hands.
Your metabolism is lightning-fast.
You like to eat raw meat.
Your natural rate of healing is unusually fast.
You are covered in fur. (AC +1)
You have extremely tough skin. (AC +3)


Message History

Gastronok is heavily wounded.
The bat barely misses you. You block the bat's attack. x2
Gastronok barely misses you.
You claw Gastronok!
Gastronok is severely wounded.
The bat barely misses you.
You scratch Gastronok.
Gastronok is severely wounded.
The bat hits you but does no damage. Gastronok closely misses you.
You mangle Gastronok!!
Gastronok is almost dead.
The bat closely misses you. The bat barely misses you. Gastronok bites you!!
* * * LOW HITPOINT WARNING * * *
You claw Gastronok!
Gastronok is almost dead.
The bat barely misses you. x2
You scratch Gastronok.
Gastronok is almost dead.
You block the bat's attack. Gastronok bites you!!
You die...

#.######.#######'###
#####.#................#
....................>#.#
#####.#.####.###.......#
#.#.# #.#
#.############# #.#..
..# #.# #........
#####.#.###### #.#
#........ ....#.#.# #.#
#........ ......#.#
#@#####........
....###.#
#.w............ ######
#.b............ .....#
#....$......... .....#
#.............. .....#
#.............. .....#
##............. .....#
#............. ######
#............


You could see Gastronok and a bat.

Vanquished Creatures
  Pikel (D:8)
  A troll (D:9)
  Sigmund (D:3)
  3 yaks (D:6)
  3 ice beasts
  2 slaves (D:8)
  A phantom (D:9)
  An orc warrior (D:8)
  3 sky beasts
  7 ogres
  A crocodile (D:8)
  5 bullfrogs
  3 big kobolds
  5 scorpions
  6 wights
  3 killer bees (D:8)
  6 howler monkeys
  8 crimson imps
  3 orc priests
  A bullfrog skeleton (D:8)
  A centaur skeleton (D:9)
  A gnoll shaman (D:7)
  2 hounds
  4 jellies
  Jessica (D:3)
  Terence (D:3)
  Natasha (thrice) (D:4)
  3 iguanas
  12 orc wizards
  3 worker ants
  A hound skeleton (D:5)
  A howler monkey zombie (D:5)
  A worker ant zombie (D:9)
  8 adders
  7 gnolls
  A river rat (Sewer)
  6 shadow imps
  2 oozes
  3 adder zombies
  An adder skeleton (D:8)
  4 worms
  A dart slug (D:2)
  10 leopard geckos
  27 orcs
  6 bats (D:1)
  4 giant cockroaches
  8 goblins
  2 hobgoblins
  16 jackals
  6 quokkas
  A ball python (D:2)
  A ball python skeleton (D:4)
  3 frilled lizards
  A jackal skeleton (D:6)
  12 kobolds
  2 quokka skeletons
  10 rats
240 creatures vanquished.

Vanquished Creatures (others)
  A centaur (D:7)
  A killer bee (D:8)
  A quokka (D:3)
3 creatures vanquished.

Grand Total: 243 creatures vanquished

Notes
Turn   | Place    | Note
-------+----------+-------------------------------------------
     0 | D:1      | AlterAsc the Troll Warper began the quest for the Orb.
     0 | D:1      | Reached XP level 1. HP: 19/19 MP: 1/1
   107 | D:1      | Reached skill level 1 in Throwing
   161 | D:1      | Reached XP level 2. HP: 28/28 MP: 3/3
   882 | D:2      | Reached XP level 3. HP: 35/35 MP: 4/4
  1014 | D:2      | Found a shattered altar of Ashenzari.
  1091 | D:2      | Found a shadowy altar of Dithmenos.
  1262 | D:2      | Reached XP level 4. HP: 33/42 MP: 5/5
  1587 | D:2      | Found a sacrificial altar of Ru.
  1587 | D:2      | Found an iron altar of Okawaru.
  1655 | D:2      | Found a sparkling altar of Nemelex Xobeh.
  1655 | D:2      | Found a hide-covered altar of Uskayaw.
  1657 | D:2      | Found a radiant altar of Vehumet.
  1744 | D:2      | Learned a level 2 spell: Blink
  2290 | D:3      | Noticed Jessica
  2294 | D:3      | Killed Jessica
  2386 | D:3      | Found a white marble altar of Elyvilon.
  2388 | D:3      | Noticed Sigmund
  2396 | D:3      | Killed Sigmund
  2396 | D:3      | Reached skill level 1 in Shields
  2396 | D:3      | Reached skill level 3 in Unarmed Combat
  2396 | D:3      | Reached XP level 5. HP: 30/50 MP: 6/6
  2521 | D:3      | Noticed Terence
  2534 | D:3      | Killed Terence
  2534 | D:3      | Reached XP level 6. HP: 55/59 MP: 7/7
  2857 | D:2      | Became a worshipper of Warmaster Okawaru
  2921 | D:4      | Noticed Natasha
  2945 | D:4      | Killed Natasha
  3092 | D:4      | Noticed Natasha
  3098 | D:4      | Killed Natasha
  3443 | D:4      | Noticed Natasha
  3451 | D:4      | Killed Natasha
  3465 | D:4      | Found a sparkling altar of Nemelex Xobeh.
  3544 | D:4      | Reached XP level 7. HP: 66/66 MP: 9/9
  3867 | D:5      | Entered Level 5 of the Dungeon
  3886 | D:5      | Reached * piety under Okawaru
  3954 | D:5      | Found an opulent altar of Gozag.
  4131 | D:5      | Reached skill level 4 in Unarmed Combat
  4498 | D:6      | Reached ** piety under Okawaru
  4511 | D:6      | Reached XP level 8. HP: 45/75 MP: 10/10
  4620 | D:6      | Found a glowing drain.
  4634 | Sewer    | Entered a sewer
  4755 | Sewer    | Found a white marble altar of Elyvilon.
  4834 | D:6      | Found Guffug's Assorted Antiques.
  5037 | D:6      | Reached skill level 5 in Unarmed Combat
  5247 | D:6      | Reached *** piety under Okawaru
  5247 | D:6      | Reached XP level 9. HP: 37/84 MP: 10/12
  5248 | D:6      | Reached skill level 1 in Invocations
  5334 | D:6      | Found a snail-covered altar of Cheibriados.
  5506 | D:7      | Identified the Catalogue of Unstable Stolen Souls
  5639 | D:7      | Reached skill level 6 in Unarmed Combat
  5725 | D:7      | Found a staircase to the Ecumenical Temple.
  5923 | D:7      | Found Xodoumn's Food Boutique.
  5996 | D:8      | Reached **** piety under Okawaru
  6122 | D:8      | Received a gift from Okawaru
  6494 | D:8      | Noticed Pikel
  6511 | D:8      | Killed Pikel
  6511 | D:8      | Reached ***** piety under Okawaru
  6511 | D:8      | Received a gift from Okawaru
  6511 | D:8      | Reached skill level 5 in Shields
  6511 | D:8      | Reached XP level 10. HP: 75/94 MP: 8/14
  6551 | D:8      | Found a burning altar of Makhleb.
  6558 | D:8      | Got a thick robe
  6570 | D:8      | Identified the cursed +0 robe "Hehaof" {rN+} (You found it
                  | on level 8 of the Dungeon)
  6609 | D:8      | Got a translucent mace
  6610 | D:8      | Identified the +6 mace of Perfectionism {flame, rN+ Int+2
                  | Stlth+} (You found it on level 8 of the Dungeon)
  6926 | D:9      | Reached skill level 7 in Unarmed Combat
  7005 | D:9      | Received a gift from Okawaru
  7312 | D:9      | Noticed Gastronok
  7355 | D:9      | Slain by Gastronok

Levels and vault maps discovered:
D:1:      wander_arrival_peaceful_grave, layout_basic, serial_bayou_ford_a
D:2:      layout_loops_corners, ashenzari_conservatory_becter,
          lemuel_round_altar, nicolae_overflow_hidden_temple
D:3:      layout_rooms, elyvilon_altar_4, kennysheep_big_empty_room,
          uniq_jessica, uniq_sigmund, uniq_terence
D:4:      layout_gridville, minmay_misc_feat_four_crosses,
          nemelex_spade_bored_becter, uniq_natasha
D:5:      layout_cave_pools, serial_rivers, chequers_serial_rivers_small_a,
          chequers_serial_rivers_large_b, chequers_serial_rivers_small_3,
          chequers_serial_rivers_small_b, first_ration,
          hangedman_abyss_or_decor_passed, grunt_gozag_statues
D:6:      layout_rooms, kennysheep_slug_shrine, serial_shops, shop,
          gup_sewer_entry_bubbles, small_statue_alley_b,
          hangedman_abyss_or_decor_slice, minmay_misc_feat_chi
D:7:      layout_rooms, temple_statues, serial_shops, nicolae_shop_trees
D:8:      layout_loops_ring, bloody_makhleb, uniq_pikel
D:9:      layout_basic, uniq_gastronok

Skill      XL: |  1  2  3  4  5  6  7  8  9 10 |
---------------+-------------------------------+-----
Throwing       | 1 2 3 4 |  4.9
Dodging        | 2 3 4 |  4.8
Fighting       | 2 3 4 |  4.7
Shields        | 1 2 3 5 |  5.6
Unarmed Combat | 3 4 5 6 7 |  7.3
Spellcasting   | 2 3 |  3.5
Translocations | 3 4 |  4.3
Invocations    | 2 3 |  3.0

Action                   |  1- 3 |  4- 6 |  7- 9 | 10-12 || total
-------------------------+-------+-------+-------+-------++-------
Melee: Unarmed           |    95 |   153 |   535 |   131 ||   914
       Punch             |     1 |       |       |       ||     1
Throw: Javelin           |       |       |     3 |     2 ||     5
       Boomerang         |       |       |       |    23 ||    23
       Large rock        |       |       |       |    13 ||    13
Invok: Heroism           |       |       |     7 |     3 ||    10
  Use: Scroll            |       |       |    11 |       ||    11
 Stab: Sleeping          |     3 |     1 |       |       ||     4
  Eat: Chunk             |    17 |    19 |    31 |     7 ||    74
Armor: Robe              |    45 |    60 |    97 |    22 ||   224
Dodge: Dodged            |    50 |    52 |   145 |    64 ||   311
Block: Shield            |     4 |    63 |   277 |    80 ||   424
       Reflection        |       |       |     5 |     3 ||     8
